 Dungeon Crawl Stone Soup version 0.30.1-9-gdf580d7c3d (webtiles) character file.

Game seed: 6023478466175175111

102 monsoonserge the Trooper (level 4, 0/37 HPs)
             Began as a Demonspawn Monk on Sept 28, 2023.
             Frozen to death by an endoplasm (4 damage)
             ... in a sewer.
             The game lasted 00:04:59 (1445 turns).

monsoonserge the Trooper (Demonspawn Monk)          Turns: 1445, Time: 00:05:00

Health: 0/37       AC:  5    Str: 11    XL:     4   Next: 50%
Magic:  13/13      EV: 11    Int: 12    God:
Gold:   83         SH:  0    Dex: 17    Spells: 3/3 levels left

rFire   . . .        a - +0 falchion
rCold   . . .        d - orb {light}
rNeg    . . .        o - +0 ring mail
rPois   .            (no helmet)
rElec   .            (no cloak)
rCorr   .            (no gloves)
SInv    .            (no boots)
Will    .....        (no amulet)
Stlth   +            g - ring of magical power
HPRegen 0.26/turn    (no ring)
MPRegen 0.13/turn

%: no passive effects
@: mighty, glowing
A: foul stench 2
a: no special abilities


You were in a sewer.
You visited 1 branch of the dungeon, and saw 3 of its levels.
You also visited: Sewer.

You collected 83 gold pieces.

Inventory:

Hand Weapons
 a - a +0 falchion (weapon)
 t - a +0 short sword
Missiles
 k - 6 poisoned darts (quivered)
Armour
 b - a +0 robe
 d - an orb of light (worn)
 j - a +0 leather armour
 o - a +0 ring mail (worn)
Jewellery
 g - a ring of magical power (left hand)
Scrolls
 i - 2 scrolls of teleportation {unknown}
 m - a scroll of amnesia {unknown}
 s - a scroll of fog {unknown}
Potions
 c - a potion of ambrosia
 e - 2 potions of curing
 f - a potion of cancellation {unknown}
 h - a potion of attraction {unknown}
 l - a potion of degeneration {unknown}
 n - a potion of might
 p - a potion of lignification {unknown}
 q - a potion of brilliance {unknown}
 r - a potion of mutation {unknown}


   Skills:
 + Level 3.7 Fighting
 + Level 3.6 Long Blades
 + Level 1.1 Armour
 + Level 3.2 Dodging


You had 3 spell levels left.
You didn't know any spells.
Your spell library contained the following spells:

 Spells                   Type           Power      Damage    Failure   Level
 Ozocubu's Armour         Ice            0%         N/A       93%         3
 Ozocubu's Refrigeration  Ice            0%         4d7       100%        7
 Chain Lightning          Conj/Air       0%         N/A       100%        9
 Fire Storm               Conj/Fire      0%         5d1       100%        9
 Shatter                  Erth           0%         3d5*      100%        9


Dungeon Overview and Level Annotations

Branches:
Dungeon (3/15)              Sewer (1/1)

Altars:


Innate Abilities, Weirdness & Mutations

You sometimes emit foul miasma when damaged in melee.


Message History

You emit a cloud of foul miasma!
You hit the river rat.
The river rat is heavily wounded.
The rat bites you.
* * * LOW HITPOINT WARNING * * *
The adder is engulfed in dark miasma.
The adder is poisoned.
The adder seems to slow down.
The adder bites you but does no damage. The river rat closely misses you.
The rat barely misses you. The rat bites you but does no damage.
You slash the river rat!
You kill the river rat!
The adder is no longer moving slowly.
The rat bites you.
* * * LOW HITPOINT WARNING * * *
The adder is engulfed in dark miasma.
The adder looks even sicker.
You kill the adder!
The rat misses you. The rat bites you.
* * * LOW HITPOINT WARNING * * *
You emit a cloud of foul miasma!
Your Armour skill increases to level 1!
You hit the rat.
You kill the rat!
The endoplasm hits you but does no damage.
The rat is engulfed in dark miasma.
The rat is poisoned.
You kill the rat!
You barely miss the rat. The endoplasm closely misses you.
The rat barely misses you. The rat closely misses you.
The rat twitches its whiskers.
Unknown command.
You barely miss the rat. The endoplasm freezes you.
You are frozen.
* * * LOW HITPOINT WARNING * * *
The rat closely misses you.
The rat twitches its whiskers.
The rat bites you but does no damage.
You hit the rat.
You kill the rat!
The endoplasm freezes you.
You are frozen.
You die...

#.....~≈~~.....##
#.....†~~.......#
#......~~........
##......~~~.......
#......~~≈.~.....#
##.....†~~≈≈......#
#.rr#...~~≈≈≈~.....
#☼J###..~≈≈≈≈~.....
#r@# #.~~≈≈≈≈....#.
#..# ..~≈≈≈≈~...###
#... ...≈≈≈≈≈...###
##.....~~≈≈≈≈....##
##....#~≈≈≈~....##
...# ~≈≈≈~~....#
..## ~≈≈≈≈.....#
..# ≈≈≈≈≈.~....
≈≈≈≈~≈.....


You could see an endoplasm and 3 rats.

Vanquished Creatures
  A river rat (Sewer)
  5 adders
  A dart slug (D:3)
  An orc (D:3)
  4 ball pythons
  3 endoplasms (D:1)
  4 giant cockroaches
  4 hobgoblins (D:1)
  4 kobolds
  A quokka (D:2)
  2 bats (D:1)
  A frilled lizard (D:1)
  3 goblins
  17 rats
51 creatures vanquished.

Notes
Turn   | Place    | Note
-------+----------+-------------------------------------------
     0 | D:1      | monsoonserge the Demonspawn Monk began the quest for the
                  | Orb.
     0 | D:1      | Reached XP level 1. HP: 18/18 MP: 1/1
   181 | D:1      | Gained mutation: You may rarely emit foul miasma when
                  | damaged in melee. [demonic ancestry]
   181 | D:1      | Reached XP level 2. HP: 24/24 MP: 2/2
   816 | D:2      | Reached XP level 3. HP: 23/29 MP: 3/3
  1021 | D:2      | You fall into a shaft and drop 1 floor!
  1182 | D:3      | Found a glowing drain.
  1195 | D:3      | Gained mutation: You sometimes emit foul miasma when
                  | damaged in melee. [demonic ancestry]
  1195 | D:3      | Reached XP level 4. HP: 15/37 MP: 4/4
  1296 | Sewer    | Entered a sewer
  1442 | Sewer    | Reached skill level 1 in Armour
  1445 | Sewer    | Frozen to death by an endoplasm

Illustrated notes

Levels and vault maps discovered:
D:1:      wander_arrival_chamber, layout_basic
D:2:      layout_loops_ring, grunt_decor_fettered, minmay_stone_trees_small,
          kennysheep_nub, nicolae_half_adder
D:3:      layout_basic, nicolae_tso_carved_into_rock, led_sif_pool,
          gup_sewer_entry_glass, amcnicky_mini_rare_corridor_liquid,
          uniq_natasha
Sewer:    sewer_minmay_treatment

Skill      XL: |  1  2  3  4 |
---------------+-------------+-----
Dodging        | 3 |  3.2
Long Blades    | 3 |  3.6
Armour         | 1 |  1.1
Fighting       | |  3.7

Action                     |  1- 3 |  4- 6 || total
---------------------------+-------+-------++-------
  Melee: Falchion          |    98 |    29 ||   127
    Use: Potion            |       |     2 ||     2
 Armour: Robe              |    12 |       ||    12
         Leather armour    |     4 |       ||     4
         Ring mail         |     5 |    23 ||    28
  Dodge: Dodged            |    73 |    34 ||   107
